 Dungeon Crawl Stone Soup version 0.23.2 (webtiles) character file.

Game seed: 14628234983255521286

56 Kinoniko the Caller (level 3, -4/24 HPs)
             Began as a Demonspawn Summoner on Apr 4, 2019.
             Killed by nerve-wracking pain
             ... invoked by an orc priest
              (9 damage)
             ... on level 2 of the Dungeon.
             The game lasted 00:16:15 (2489 turns).

Kinoniko the Caller (Demonspawn Summoner)           Turns: 2489, Time: 00:16:16

Health: -4/24      AC:  5    Str:  8    XL:     3   Next: 71%
Magic:  1/7        EV: 12    Int: 17    God:
Gold:   62         SH:  0    Dex: 13    Spells: 5/8 levels left

rFire    + . .     SeeInvis .   f - +1 dagger
rCold    . . .     Gourm    .   (no shield)
rNeg     . . .     Faith    .   g - +0 leather armour
rPois    .         Spirit   .   o - +1 helmet
rElec    .         Reflect  .   (no cloak)
rCorr    .         Harm     .   (no gloves)
MR       .....                  (no boots)
Stlth    +++.......             (no amulet)
HPRegen  0.08/turn              d - ring of protection from fire
MPRegen  0.10/turn              (no ring)

@: no status effects
A: nightstalker 1
a: no special abilities


You were on level 2 of the Dungeon.
You were not hungry.

You visited 1 branch of the dungeon, and saw 2 of its levels.

You collected 62 gold pieces.

Inventory:

Hand Weapons
 f - a +1 dagger (weapon)
Armour
 a - a +0 robe
 g - a +0 leather armour (worn)
 j - a +0 helmet
 o - a +1 helmet (worn)
Jewellery
 d - a ring of protection from fire (left hand)
Scrolls
 c - a scroll of identify
Potions
 b - 5 potions of curing {unknown}
 e - a potion of degeneration {unknown}
 h - 2 potions of haste {unknown}
 i - a potion of resistance {unknown}


   Skills:
 + Level 0.1 Fighting
 + Level 0.7 Armour
 + Level 1.9 Dodging
 + Level 2.0 Stealth
 + Level 3.0 Spellcasting
 + Level 4.3 Summonings


You had 5 spell levels left.
You knew the following spells:

 Your Spells              Type           Power        Failure   Level  Hunger
a - Summon Small Mammal   Summ           ###.         4%          1    None
b - Call Imp              Summ           ###.....     6%          2    ##.....

Your spell library contained the following spells:

 Spells                   Type           Power        Failure   Level  Hunger
 Call Canine Familiar     Summ           ###.....     12%         3    ###....
 Summon Guardian Golem    Hex/Summ       #.......     30%         3    ###....
 Summon Ice Beast         Ice/Summ       #.......     69%         4    ####...
 Summon Lightning Spire   Summ/Air       #.......     69%         4    ####...


Dungeon Overview and Level Annotations

Branches:
Dungeon (2/15)

Altars:
Xom


Innate Abilities, Weirdness & Mutations

You are slightly more attuned to the shadows.


Message History

Casting: Call Imp (safe; 6% risk of failure)
Confirm with . or Enter, or press ? or * to list all spells.
You don't have enough magic to cast that spell.
Casting: Call Imp (safe; 6% risk of failure)
Confirm with . or Enter, or press ? or * to list all spells.
Your crimson imp blinks!
The orc priest hits you with a +0 dagger.
* * * LOW HITPOINT WARNING * * *
Your shadow imp barely misses the orc priest.
Your crimson imp closely misses the orc priest.
The orc priest hits you with a +0 dagger.
* * * LOW HITPOINT WARNING * * *
Your quokka closely misses the orc priest.
Your shadow imp hits the orc priest but does no damage.
Your crimson imp hits the orc priest.
Your shadow imp hits the orc priest but does no damage.
Your quokka barely misses the orc priest.
The orc priest mumbles some strange prayers to Beogh against you.
Pain shoots through your body!
You die...

#......... ###.
#......... #...
#......... #...
##.......#'####...
#........#....'.^_
#....##########.^^
o.#........# #...
#.#.....##.######...
#.#@#...............
###
#.#.#....#.#####.###
....#.#o#....#.# #.#
......#r#....#.# #.#
.....555.....#.# #(#
###.###......#.# #.#
###.####.#####.#
.... #....# ####
#.######


You could see an orc priest, a friendly crimson imp, a friendly shadow imp and a
friendly quokka.

Vanquished Creatures
  Jessica (D:2)
  A dart slug (D:1)
  A bat (D:2)
3 creatures vanquished.

Vanquished Creatures (collateral kills)
  An adder (D:2)
  2 worms (D:2)
  A dart slug (D:1)
  3 orcs (D:2)
  A giant cockroach (D:1)
  4 goblins
  4 hobgoblins
  5 kobolds
  A ball python (D:1)
  4 bats (D:1)
  A frilled lizard (D:2)
  5 rats
32 creatures vanquished.

Grand Total: 35 creatures vanquished

Notes
Turn   | Place    | Note
-------+----------+-------------------------------------------
     0 | D:1      | Kinoniko the Demonspawn Summoner began the quest for the
                  | Orb.
     0 | D:1      | Reached XP level 1. HP: 13/13 MP: 3/3
   863 | D:1      | Gained mutation: You are slightly more attuned to the
                  | shadows. [demonic ancestry]
   863 | D:1      | Reached XP level 2. HP: 19/19 MP: 1/5
   912 | D:1      | Learned a level 2 spell: Call Imp
  1556 | D:2      | Noticed Jessica
  1562 | D:2      | Killed Jessica
  1562 | D:2      | Reached XP level 3. HP: 19/24 MP: 1/7
  1984 | D:2      | Found a shimmering altar of Xom.
  2489 | D:2      | Killed from afar by an orc priest

Skill      XL: |  1  2  3 |
---------------+----------+-----
Stealth        | 2 |  2.0
Spellcasting   | 3 |  3.0
Fighting       | |  0.1
Armour         | |  0.7
Dodging        | |  1.9
Summonings     | |  4.3

Action                   || total
-------------------------++-------
Melee: Dagger            ||    12
 Cast: Summon Small Mamm ||    35
       Call Imp          ||    35
  Use: Scroll            ||     7
 Stab: Distracted        ||     1
  Eat: Ration            ||     2
       Chunk             ||     1
Armor: Robe              ||     3
       Leather armour    ||    21
Dodge: Dodged            ||    36
